 Dungeon Crawl Stone Soup version 0.25.0-1-g7eea58d2a3 (webtiles) character file.

Game seed: 15562512942207793091

207 Masnef the Vexing (level 5, -1/41 HPs)
             Began as a Barachi Arcane Marksman on June 13, 2020.
             Slain by a centaur skeleton (7 damage)
             ... on level 4 of the Dungeon.
             The game lasted 00:34:21 (5265 turns).

Masnef the Vexing (Barachi Arcane Marksman)         Turns: 5265, Time: 00:34:22

Health: -1/41      AC:  3    Str: 13    XL:     5   Next: 85%
Magic:  6/7        EV: 13    Int: 13    God:
Gold:   164        SH:  0    Dex: 12    Spells: 4/7 levels left

rFire    . . .     SeeInvis .   g - +2 dagger (flame)
rCold    . . .     Gourm    .   (no shield)
rNeg     . . .     Faith    .   m - +0 leather armour
rPois    .         Spirit   .   (no helmet)
rElec    .         Reflect  .   (no cloak)
rCorr    .         Harm     .   (no gloves)
MR       .....                  (no boots)
Stlth    +.........             (no amulet)
HPRegen  0.13/turn              (no ring)
MPRegen  0.10/turn              (no ring)

@: lethally poisoned (-1 -> -2), can't hop, slow
A: +LOS, swims, slowness 1, strong legs 1
a: Hop


You were on level 4 of the Dungeon.
You were not hungry.

You visited 1 branch of the dungeon, and saw 4 of its levels.

You collected 164 gold pieces.

Inventory:

Hand Weapons
 a - a +1 hunting sling
 c - a +0 short sword
 g - a +2 dagger of flaming (weapon)
 k - a +4 quarterstaff of chaos
 n - a +0 hand axe
Missiles
 b - 33 stones (quivered)
 j - 30 sling bullets
Armour
 d - a cursed +0 leather armour
 e - a +0 robe
 i - a +0 chain mail
 m - a +0 leather armour (worn)
Potions
 h - a potion of brilliance
Comestibles
 f - 5 rations


   Skills:
 + Level 3.0 Fighting
 - Level 1.7 Short Blades
 + Level 0.6 Staves
 + Level 3.0 Slings
 + Level 3.4 Dodging
 - Level 1.9 Spellcasting
 + Level 4.2 Hexes


You had 4 spell levels left.
You knew the following spells:

 Your Spells              Type           Power        Failure   Level  Hunger
a - Corona                Hex            ##.....      6%          1    ##.....
b - Slow                  Hex            ##......     9%          2    ###....

Your spell library contained the following spells:

 Spells                   Type           Power        Failure   Level  Hunger
 Inner Flame              Hex/Fire       #.......     38%         3    ####...
 Portal Projectile        Hex/Tloc       #.....       38%         3    ####...
 Cause Fear               Hex            ##........   50%         4    #####..
 Leda's Liquefaction      Hex/Erth       #.........   80%         4    #####..


Dungeon Overview and Level Annotations

Branches:
Dungeon (4/15)
 Temple: D:4-7

Altars:
Elyvilon
Qazlal
Xom

Annotations:
D:2 Sigmund


Innate Abilities, Weirdness & Mutations

You can be seen from farther away. (+LOS)
You can swim through water.
You cover ground slowly.
You can hop short distances.


Message History

Casting: Corona (safe; 6% risk of failure)
Confirm with . or Enter, or press ? or * to list all spells.
Aiming: Corona (safe; 6% risk of failure)
Press: ? - help, Shift-Dir - straight line, f - centaur skeleton
Aim: a centaur skeleton (moderately damaged, chance to defeat MR: 62%)
The centaur skeleton is outlined in light.
You feel sick.
The centaur skeleton closely misses you.
The centaur skeleton hits you!
You hit the centaur skeleton. You burn the centaur skeleton.
The centaur skeleton is heavily damaged.
The centaur skeleton hits you.
* * * LOW HITPOINT WARNING * * *
Okay, then.
Hop to where?
Press: ? - help, Dir - move target cursor, p - centaur skeleton Boing!
You feel sick.
You feel sick. The centaur skeleton hits you!
You die...

#.# #.#.....+...#.#...
#.# #.#.....##..#.....
#.# ...........#.....
#.#####.....#...#.....
#.#.............#..[..
#.#.#.................
#.#........#..........
##.#####.##.#........
#<....@Z.##......#
###########.†.(#.#
#........(....#
#.......##....#
#......## ...##
#......# ..+ #......#
..# #......# ..
#....... ...


You could see a centaur skeleton (corona).

Vanquished Creatures
  A centaur skeleton (D:4)
  Crazy Yiuf (D:3)
  Terence (D:2)
  5 adders
  A worm (D:3)
  3 dart slugs
  3 leopard geckos
  An orc (D:3)
  4 giant cockroaches
  4 hobgoblins
  12 jackals
  8 kobolds
  8 bats
  2 frilled lizards (D:1)
  7 goblins
  10 rats
71 creatures vanquished.

Notes
Turn   | Place    | Note
-------+----------+-------------------------------------------
     0 | D:1      | Masnef the Barachi Arcane Marksman began the quest for the
                  | Orb.
     0 | D:1      | Reached XP level 1. HP: 15/15 MP: 2/2
   266 | D:1      | Reached XP level 2. HP: 11/21 MP: 1/3
   750 | D:1      | Learned a level 2 spell: Slow
   868 | D:1      | Reached XP level 3. HP: 27/27 MP: 5/5
  1610 | D:1      | HP: 1/27 [jackal (2)]
  2154 | D:2      | Noticed Terence
  2161 | D:1      | Reached XP level 4. HP: 33/33 MP: 6/6
  2353 | D:2      | Reached skill level 1 in Short Blades
  2389 | D:2      | Found a shimmering altar of Xom.
  2390 | D:2      | Noticed Sigmund
  2941 | D:2      | Found a stormy altar of Qazlal.
  3303 | D:2      | Killed Terence
  3623 | D:3      | Reached XP level 5. HP: 32/39 MP: 7/7
  4159 | D:3      | Reached skill level 4 in Hexes
  4376 | D:3      | Found a runed translucent door.
  4379 | D:3      | Noticed Crazy Yiuf
  4415 | D:3      | Killed Crazy Yiuf
  5124 | D:4      | Found a white marble altar of Elyvilon.
  5265 | D:4      | Slain by a centaur skeleton

Illustrated notes

Levels and vault maps discovered:
D:1:      wheals_arrival_linesprint, layout_basic
D:2:      layout_rooms, nicolae_overflow_hidden_temple,
          nicolae_qazlal_general_emergency, uniq_terence, uniq_sigmund
D:3:      layout_basic, minmay_crystal_room, uniq_crazy_yiuf_cottage
D:4:      gammafunk_wand_slinger, layout_basic, minitemple, first_ration

Skill      XL: |  1  2  3  4  5 |
---------------+----------------+-----
Fighting       | 2 3 |  3.0
Short Blades   | 1 |  1.7
Dodging        | 3 |  3.4
Hexes          | 4 |  4.2
Slings         | 3 |  3.0
Staves         | |  0.6
Spellcasting   | |  1.9

Action                   |  1- 3 |  4- 6 || total
-------------------------+-------+-------++-------
Melee: Dagger            |    36 |   100 ||   136
 Fire: Hunting sling     |    92 |    46 ||   138
Throw: Stone             |       |     9 ||     9
 Cast: Corona            |    19 |    19 ||    38
 Abil: Hop               |     1 |     3 ||     4
  Use: Scroll            |     2 |     7 ||     9
       Potion            |     1 |     3 ||     4
 Stab: Sleeping          |       |     1 ||     1
  Eat: Chunk             |     4 |     9 ||    13
       Ration            |       |     1 ||     1
Armor: Robe              |    25 |    20 ||    45
       Leather armour    |       |     5 ||     5
Dodge: Dodged            |    76 |   103 ||   179
